 Dungeon Crawl Stone Soup version bcrawl-1.19.2-6-g6a88ae04c9 (webtiles) character file.

Game seed: 11390129526759388563

98 Freyura the Twirler (level 4, -2/34 HPs)
             Began as a Demonspawn Gladiator on Dec 22, 2019.
             Killed by nerve-wracking pain
             ... invoked by Grinder
              (3 damage)
             ... on level 3 of the Dungeon.
             The game lasted 00:04:13 (2651 turns).

Freyura the Twirler (Demonspawn Gladiator)          Turns: 2651, Time: 00:04:14

Health: -2/34      AC:  5    Str: 14    XL:     4   Next: 43%
Magic:  4/4        EV: 13    Int: 10    God:
Gold:   123        SH:  0    Dex: 15    Spells: 3/3 levels left

rFire    + . .     SeeInvis .   a - +0 quarterstaff
rCold    . . .     Gourm    .   (shield currently unavailable)
rNeg     . . .     Faith    .   b - +0 leather armour
rPois    .         Spirit   .   c - +0 helmet
rElec    .         Reflect  .   (no cloak)
rCorr    .         Harm     .   (no gloves)
MR       .....                  m - +0 pair of boots
Stlth    +.........             (no amulet)
HPRegen  0.11/turn              (no ring)
MPRegen  0.09/turn              (no ring)

@: no status effects
A: fire resistance 1
a: no special abilities


You were on level 3 of the Dungeon.
You were hungry.

You visited 1 branch of the dungeon, and saw 3 of its levels.

You collected 123 gold pieces.

Inventory:

Hand Weapons
 a - a +0 quarterstaff (weapon)
Missiles
 d - 3 throwing nets (quivered) {!f}
Armour
 b - a +0 leather armour (worn)
 c - a +0 helmet (worn)
 m - a +0 pair of boots (worn)
Jewellery
 n - an uncursed amulet of magic regeneration
Scrolls
 e - 3 scrolls of identify
 g - 3 scrolls of fear {unknown}
 h - a scroll of magic mapping {unknown}
 i - a scroll of noise {unknown}
 j - 2 scrolls of teleportation {unknown}
 l - a scroll of immolation {unknown}
 q - a scroll of blinking {unknown}
Potions
 k - a potion of curing {unknown}
 o - a potion of magic {unknown}
 p - a potion of haste {unknown}
 r - a potion of heal wounds {unknown}
Comestibles
 f - 4 rations {!d}


   Skills:
 + Level 2.7 Fighting
 * Level 3.6 Staves
 - Level 1.7 Throwing
 + Level 1.4 Armour
 + Level 3.2 Dodging


You had 3 spell levels left.
You didn't know any spells.
Your spell library was empty.

Dungeon Overview and Level Annotations

Branches:
Dungeon (3/12)

Altars:
Elyvilon

Annotations:
D:3 Grinder


Innate Abilities, Weirdness & Mutations

Your flesh is heat resistant. (rF+)


Message History

Grinder is moderately wounded.
The kobold hits you with a +0 dagger.
* * * LOW HITPOINT WARNING * * *
Grinder hits you.
* * * LOW HITPOINT WARNING * * *
The kobold hits you with a +0 dagger.
* * * LOW HITPOINT WARNING * * *
You hit Grinder but do no damage.
Grinder is moderately wounded.
Grinder hits you but does no damage. The kobold completely misses you.
You hit Grinder but do no damage.
Grinder is moderately wounded.
Grinder hits you.
* * * LOW HITPOINT WARNING * * *
You writhe in agony.
* * * LOW HITPOINT WARNING * * *
The kobold hits you but does no damage. Grinder gestures at you.
Pain shoots through your body!
You die...

#####.##............
#........#..........
#######..###........
#...............####
##.(.....###....#
#.......# #....#
#.......# ######
#.......# ##@######
#...5K......
#......#####
#......# #......#
#...$..# #......#
###...##


You could see Grinder and a kobold.

Vanquished Creatures
  An orc wizard (D:3)
  3 worms
  2 dart slugs
  5 leopard geckos
  7 orcs (D:3)
  2 bats (D:1)
  A giant cockroach (D:2)
  5 hobgoblins
  3 jackals (D:2)
  5 frilled lizards
  A goblin (D:1)
  7 kobolds
  4 rats
46 creatures vanquished.

Notes
Turn   | Place    | Note
-------+----------+-------------------------------------------
     0 | D:1      | Freyura the Demonspawn Gladiator began the quest for the
                  | Orb.
     0 | D:1      | Reached XP level 1. HP: 16/16 MP: 1/1
   300 | D:1      | Gained mutation: Your flesh is heat resistant. (rF+)
                  | [demonic ancestry]
   300 | D:1      | Reached XP level 2. HP: 12/22 MP: 2/2
  1030 | D:2      | Reached XP level 3. HP: 16/28 MP: 3/3
  1175 | D:2      | Found a white marble altar of Elyvilon.
  1241 | D:2      | Reached skill level 1 in Armour
  2379 | D:3      | Reached XP level 4. HP: 17/34 MP: 4/4
  2641 | D:3      | Noticed Grinder
  2651 | D:3      | HP: 1/34 [Grinder (2)]
  2651 | D:3      | Killed from afar by Grinder

Skill      XL: |  1  2  3 |
---------------+----------+-----
Staves         | 3 |  3.6
Dodging        | 3 |  3.2
Armour         | 1 |  1.4
Fighting       | |  2.7
Throwing       | |  1.7

Action                   |  1- 3 |  4- 6 || total
-------------------------+-------+-------++-------
Melee: Quarterstaff      |   123 |    30 ||   153
  Use: Scroll            |     1 |       ||     1
 Stab: Sleeping          |     2 |       ||     2
  Eat: Chunk             |     5 |       ||     5
Armor: Leather armour    |    37 |     8 ||    45
Dodge: Dodged            |    70 |    16 ||    86
